 Dungeon Crawl Stone Soup version 0.30-a0-462-gd5975efbca (webtiles) character file.

Game seed: 5454154286920971987

91 zishaf the Gusty (level 4, 0/26 HPs)
             Began as a Tengu Air Elementalist on Dec 16, 2022.
             Was a Follower of Ru.
             Slain by an orc
             ... wielding a +0 hand axe
              (1 damage)
             ... on level 3 of the Dungeon.
             The game lasted 00:03:53 (1913 turns).

zishaf the Gusty (Tengu Air Elementalist)           Turns: 1913, Time: 00:03:53

Health: 0/26       AC:  2    Str:  9    XL:     4   Next: 59%
Magic:  8/8        EV: 12    Int: 17    God:    Ru [*.....]
Gold:   66         SH:  0    Dex: 14    Spells: 6/7 levels left

rFire   . . .      SeeInvis .    i - +2 Maxwell's thermic engine {flame, freeze}
rCold   . . .      Faith    .    (no shield)
rNeg    + . .      Spirit   .    a - +0 robe
rPois   .          Reflect  .    (helmet restricted)
rElec   .          Harm     .    (no cloak)
rCorr   .          Rampage  .    (no gloves)
Will    .....                    (boots unavailable)
Stlth   ++........               (no amulet)
HPRegen 0.24/turn                g - ring of positive energy
MPRegen 0.11/turn                (no ring)

@: no status effects
A: beak, talons 3, inability to train armour
a: Renounce Religion


You were on level 3 of the Dungeon.
You worshipped Ru.
Ru was aware of your devotion.
You visited 1 branch of the dungeon, and saw 3 of its levels.

You collected 66 gold pieces.

Inventory:

Hand Weapons
 f - a +0 short sword
 h - a +0 dagger of venom
 i - the +2 Maxwell's thermic engine (weapon) {flame, freeze}
   (You found it on level 2 of the Dungeon)

   It burns those it strikes, dealing additional fire damage.
   Big, fiery blades are also staple armaments of hydra-hunters.
   It freezes those it strikes, dealing additional cold damage.
   It can also slow down cold-blooded creatures.
   It becomes more effective when it hits something.
   This effect fades over time.
Armour
 a - a +0 robe (worn)
Jewellery
 g - a ring of positive energy (left hand)
Wands
 o - a wand of charming (5)
Scrolls
 c - a scroll of vulnerability {unknown}
 d - a scroll of blinking {unknown}
 e - 2 scrolls of enchant weapon {unknown}
 k - 3 scrolls of fear {unknown}
 m - a scroll of silence {unknown}
Potions
 b - a potion of haste
 j - a potion of lignification {unknown}
 l - a potion of curing
 n - a potion of magic


   Skills:
 + Level 2.1 Fighting
 + Level 0.4 Long Blades
 - Level 2.1 Dodging
 - Level 2.0 Stealth
 - Level 2.0 Spellcasting
 + Level 3.3 Conjurations
 + Level 5.1 Air Magic


You had 6 spell levels left.
You knew the following spells:

 Your Spells              Type           Power      Damage    Failure   Level
a - Shock                 Conj/Air       64%        1d7       3%          1

Your spell library contained the following spells:

 Spells                   Type           Power      Damage    Failure   Level
 Static Discharge         Conj/Air       32%        2-4/arc   5%          2
 Swiftness                Air            19%        N/A       7%          3
 Airstrike                Air            9%         2d(2-18)  24%         4


Dungeon Overview and Level Annotations

Branches:
Dungeon (3/15)

Altars:
Ru


Innate Abilities, Weirdness & Mutations

You have a beak for a mouth.
You have claws for feet.
You cannot train Armour skill.


Message History

There is a stone staircase leading up here.
A ball python comes into view.
The helpless ball python fails to defend itself.
You slash the ball python! You burn the ball python.
You kill the ball python!
Found a stone staircase leading up.
Found a falchion.
You now have 66 gold pieces (gained 10).
Found a stone staircase leading down.
l - a potion of curing
m - a scroll labelled ADWITWOFFE
n - a potion of magic
o - a wand of charming (5)
You open the door.
There is an open door here.
You open the door.
There is an open door here.
An orc comes into view. It is wielding a +0 hand axe.
The orc shouts!
The orc hits you with a +0 hand axe.
You barely miss the orc. The orc hits you with a +0 hand axe. x2
You are too injured to fight recklessly!
You are too injured to fight recklessly!
You are too injured to fight recklessly!
You closely miss the orc. You peck the orc.
The orc is lightly wounded.
The orc hits you with a +0 hand axe.
You closely miss the orc.
The orc is lightly wounded.
The orc barely misses you. x2
You closely miss the orc. You claw the orc. Your peck misses the orc.
The orc is severely wounded.
The orc hits you with a +0 hand axe.
* * * LOW HITPOINT WARNING * * *
You closely miss the orc.
The orc is severely wounded.
The orc hits you with a +0 hand axe.
* * * LOW HITPOINT WARNING * * *
The orc hits you with a +0 hand axe.
You die...

#.# ##.# ... .#.# ...
.#.# #.# .#.# #.# #.#
#.# .#.# #.# .#.# #o#
.#.# #@# .#.# #.#
.#.#############.#
.#...............####
...##########.......#
...'........'..........
...##########.......###
...# #.......# ...#
#.......#


You could see an orc.

Vanquished Creatures
  4 gnolls (D:2)
  An adder (D:2)
  2 worms (D:2)
  4 endoplasms
  6 giant cockroaches
  4 goblins
  3 hobgoblins
  A jackal (D:1)
  4 ball pythons
  2 frilled lizards (D:1)
  2 kobolds
  5 rats
38 creatures vanquished.

Notes
Turn   | Place    | Note
-------+----------+-------------------------------------------
     0 | D:1      | zishaf the Tengu Air Elementalist began the quest for the
                  | Orb.
     0 | D:1      | Reached XP level 1. HP: 10/10 MP: 4/4
   230 | D:1      | Reached XP level 2. HP: 16/16 MP: 4/6
   435 | D:1      | Reached skill level 1 in Fighting
  1222 | D:2      | Reached XP level 3. HP: 18/20 MP: 2/7
  1235 | D:2      | HP: 1/21 [giant cockroach (1)]
  1241 | D:2      | Reached skill level 5 in Air Magic
  1241 | D:2      | Reached XP level 4. HP: 15/26 MP: 6/8
  1378 | D:2      | Found the +2 Maxwell's thermic engine {flame, freeze}
  1611 | D:2      | Found a faded altar of an unknown god.
  1672 | D:2      | Prayed at the altar of an unknown god.
  1672 | D:2      | Became a worshipper of Ru the Awakened
  1685 | D:2      | Gained mutation: You cannot train Armour skill. [Ru
                  | sacrifice]
  1685 | D:2      | Reached * piety under Ru
  1913 | D:3      | HP: 1/26 [orc/+0 hand axe (5)]
  1913 | D:3      | Slain by an orc

Illustrated notes

Levels and vault maps discovered:
D:1:      reono_arrival_mine, layout_basic, minmay_unequal
D:2:      layout_rooms, shapermc_ecumenical_altar_pompeii
D:3:      minmay_diamond_boxcup, layout_basic, ebering_ghost_disaster_area,
          minmay_snake_closets

Skill      XL: |  1  2  3  4 |
---------------+-------------+-----
Conjurations   | 2 3 |  3.3
Fighting       | 1 2 |  2.1
Air Magic      | 5 |  5.1
Long Blades    | |  0.4
Dodging        | |  2.1
Stealth        | |  2.0
Spellcasting   | |  2.0

Action                   |  1- 3 |  4- 6 || total
-------------------------+-------+-------++-------
Melee: Unarmed           |     7 |       ||     7
       Peck              |     1 |     3 ||     4
       Double sword      |       |    10 ||    10
       Dagger            |       |     1 ||     1
       Short sword       |       |     1 ||     1
       Kick              |       |     1 ||     1
 Cast: Shock             |    51 |    21 ||    72
Invok: Sacrifice Durabil |       |     1 ||     1
  Use: Potion            |     3 |       ||     3
 Stab: Sleeping          |       |     1 ||     1
Armor: Robe              |     6 |       ||     6
Dodge: Dodged            |    20 |     6 ||    26

Table legend: (Time is in decaauts)
 A = Elapsed time spent in this place.
 B = Non-inter-level travel time spent in this place.
 C = Inter-level travel time spent in this place.
 D = Time resting spent in this place.
 E = Time spent auto-exploring this place.
 F = Levels seen in this place.
 G = Mean time per level.
                   A        B        C        D        E       F      G
               +--------+--------+--------+--------+--------+-----+--------+
         Total |   1900 |   1806 |     94 |     14 |   1536 |   3 |  633.3 |
       Dungeon |   1900 |   1806 |     94 |     14 |   1536 |   3 |  633.3 |
               +--------+--------+--------+--------+--------+-----+--------+

Top non-repeatable levels by time:
     D:1: 1197 daAuts
     D:2: 584 daAuts
     D:3: 118 daAuts
